[ AOE2 MATCH · #480125656 ]
UnrankedMongols vs Cumans
Player's team · LOSS
[ REPLAY ANALYSIS · EXTRACTED FROM THE RECORDED GAME ]
Feudal
12:18
Castle
21:51
Imperial
48:52
| APM avg | 26.4 |
| APM peak | 127 |
| eAPM avg | 21.0 |
| Villagers / military | 226 / 478 |
Focus
⚔️ 38.9% · 🌾 61.1%
Cavalry Archer ×170 · Battering Ram ×135 · Steppe Lancer ×124 · Trade Cart ×62 · Mangudai ×37 · Scout Cavalry ×8
Feudal
12:30
Castle
19:49
Imperial
35:08
| APM avg | 43.6 |
| APM peak | 173 |
| eAPM avg | 34.7 |
| Villagers / military | 240 / 759 |
Focus
⚔️ 40.3% · 🌾 59.7%
Boyar ×230 · Spearman ×195 · Militia ×177 · Trade Cart ×75 · Mangonel ×69 · Battering Ram ×60
Feudal
11:31
Castle
15:26
Imperial
31:40
| APM avg | 35.1 |
| APM peak | 91 |
| eAPM avg | 23.0 |
| Villagers / military | 194 / 334 |
Focus
⚔️ 17.1% · 🌾 82.9%
Elephant Archer ×260 · Trade Cart ×65 · Battle Elephant ×35 · Bombard Cannon ×31 · Monk ×4 · Mangonel ×4
Feudal
9:39
Castle
19:14
Imperial
29:30
| APM avg | 36.7 |
| APM peak | 148 |
| eAPM avg | 29.9 |
| Villagers / military | 158 / 1046 |
Focus
⚔️ 48.1% · 🌾 51.9%
Spearman ×654 · Militia ×274 · Trade Cart ×96 · Bombard Cannon ×66 · Battering Ram ×45 · Mangonel ×6
Feudal
—
Castle
—
Imperial
—
| APM avg | 1958.8 |
| APM peak | 11155 |
| eAPM avg | 1956.0 |
| Villagers / military | 0 / 442 |
Focus
⚔️ 62.9% · 🌾 37.1%
Scout Cavalry ×114 · Spearman ×97 · Steppe Lancer ×71 · Skirmisher ×49 · Knight ×44 · Kipchak ×29
Feudal
—
Castle
—
Imperial
—
| APM avg | 1495.3 |
| APM peak | 13112 |
| eAPM avg | 1492.9 |
| Villagers / military | 0 / 503 |
Focus
⚔️ 53.8% · 🌾 46.2%
Scout Cavalry ×109 · Spearman ×102 · Knight ×94 · Hand Cannoneer ×71 · Bombard Cannon ×63 · Skirmisher ×28
Feudal
—
Castle
—
Imperial
—
| APM avg | 1257.5 |
| APM peak | 3453 |
| eAPM avg | 1255.0 |
| Villagers / military | 0 / 985 |
Focus
⚔️ 68.3% · 🌾 31.7%
Composite Bowman ×294 · Spearman ×246 · Scout Cavalry ×207 · Militia ×66 · Knight ×60 · Battering Ram ×58
Feudal
—
Castle
—
Imperial
—
| APM avg | 1198.9 |
| APM peak | 3836 |
| eAPM avg | 1196.6 |
| Villagers / military | 0 / 602 |
Focus
⚔️ 53.3% · 🌾 46.7%
Cavalry Archer ×135 · Steppe Lancer ×125 · Scout Cavalry ×99 · Keshik ×58 · Spearman ×56 · Battering Ram ×55
Match map
Initial resources + every placement click. Lines = walls · curves = elevation contours. ◆ gold · ⬟ stone · ● berries · ✦ relic · ◌ wall gap
Your base· ✓ Closed at 21:51 · 243t walls · no gate
Seppo's base· ✓ Closed at 19:49 · 196t walls · no gate
cCc_BADDAL ~ 1071.571's base· ✓ Closed at 15:26 · 0t walls · no gate
HuntTreesMineDocksBendStone's base· ✓ Closed at 19:14 · 101t walls · no gate
's base· Open — opponent sealed themselves in
's base· Open — opponent sealed themselves in
's base· Open — opponent sealed themselves in
's base· Open — opponent sealed themselves in
Smoothed initial terrain · ◌ = detected wall gap · hover for details
Inputs per minute
— 999zwj - - Seppo
Build order — 999zwj
First 150 of 737 actions detected
| 0:01 | Create | Villager (Male) |
| 0:02 | Create | Villager (Male) |
| 0:04 | Build | House |
| 0:06 | Build | House |
| 0:35 | Create | Villager (Male) |
| 0:35 | Create | Villager (Male) |
| 0:36 | Create | Villager (Male) |
| 0:36 | Create | Villager (Male) |
| 0:36 | Create | Villager (Male) |
| 0:37 | Research | Loom |
| 1:31 | Create | Villager (Male) |
| 1:31 | Create | Villager (Male) |
| 2:20 | Build | Palisade Wall |
| 2:40 | Build | Lumber Camp |
| 2:45 | Create | Villager (Male) |
| 2:45 | Create | Villager (Male) |
| 2:45 | Create | Villager (Male) |
| 2:46 | Create | Villager (Male) |
| 3:24 | Create | Villager (Male) |
| 3:24 | Create | Villager (Male) |
| 3:25 | Create | Villager (Male) |
| 3:36 | Build | House |
| 3:37 | Build | House |
| 3:50 | Create | Villager (Male) |
| 3:51 | Create | Villager (Male) |
| 4:22 | Build | Palisade Wall |
| 4:34 | Create | Villager (Male) |
| 4:34 | Create | Villager (Male) |
| 4:35 | Create | Villager (Male) |
| 5:26 | Build | Palisade Wall |
| 5:44 | Create | Villager (Male) |
| 5:44 | Create | Villager (Male) |
| 5:45 | Create | Villager (Male) |
| 6:05 | Build | House |
| 6:14 | Create | Villager (Male) |
| 6:14 | Create | Villager (Male) |
| 6:34 | Build | Palisade Wall |
| 6:35 | Build | Palisade Wall |
| 6:50 | Create | Villager (Male) |
| 6:50 | Create | Villager (Male) |
| 6:50 | Create | Villager (Male) |
| 6:51 | Create | Villager (Male) |
| 7:24 | Build | Mill |
| 7:32 | Build | House |
| 7:46 | Build | Palisade Wall |
| 7:48 | Build | Palisade Wall |
| 8:15 | Build | Mining Camp |
| 8:28 | Create | Villager (Male) |
| 8:28 | Create | Villager (Male) |
| 8:30 | Create | Villager (Male) |
| 8:32 | Create | Villager (Male) |
| 8:49 | Build | Palisade Wall |
| 8:52 | Build | Palisade Wall |
| 9:06 | Build | Palisade Wall |
| 9:50 | Research | Feudal Age |
| 10:03 | Build | House |
| 10:42 | Build | Mill |
| 10:58 | Build | Palisade Wall |
| 11:18 | Create | Villager (Male) |
| 11:18 | Create | Villager (Male) |
| 11:31 | Build | Palisade Wall |
| 11:32 | Build | Palisade Wall |
| 11:46 | Build | Mining Camp |
| 12:01 | Build | House |
| 12:18 | Age | Feudal Age |
| 12:36 | Build | Stone Wall |
| 12:39 | Build | Stone Wall |
| 12:48 | Create | Villager (Male) |
| 12:48 | Create | Villager (Male) |
| 12:59 | Build | Stone Wall |
| 13:02 | Build | Stone Wall |
| 13:02 | Build | Stone Wall |
| 13:03 | Build | Stone Wall |
| 13:11 | Build | Stone Wall |
| 13:13 | Build | Stone Wall |
| 13:15 | Build | Stone Wall |
| 13:16 | Build | Stone Wall |
| 13:24 | Research | Stone Mining |
| 13:40 | Create | Villager (Male) |
| 13:41 | Create | Villager (Male) |
| 13:41 | Create | Villager (Male) |
| 14:10 | Research | Double-Bit Axe |
| 14:13 | Create | Villager (Male) |
| 14:20 | Research | Gold Mining |
| 14:53 | Build | Stone Wall |
| 14:55 | Build | Stone Wall |
| 14:57 | Build | Stone Wall |
| 15:05 | Build | Stone Wall |
| 15:08 | Build | Stone Wall |
| 15:23 | Build | Mill |
| 16:02 | Build | Market |
| 16:16 | Create | Villager (Male) |
| 16:16 | Create | Villager (Male) |
| 16:17 | Create | Villager (Male) |
| 17:07 | Create | Villager (Male) |
| 17:24 | Build | Blacksmith |
| 17:50 | Build | Market |
| 18:13 | Build | Lumber Camp |
| 18:24 | Build | Stone Wall |
| 18:27 | Build | Stone Wall |
| 19:03 | Build | Mining Camp |
| 19:11 | Research | Castle Age |
| 19:22 | Build | Farm |
| 19:23 | Build | Farm |
| 19:24 | Build | Farm |
| 19:27 | Build | Farm |
| 19:28 | Build | Farm |
| 19:42 | Create | Trade Cart |
| 19:42 | Create | Trade Cart |
| 20:16 | Research | Wheelbarrow |
| 20:19 | Research | Town Watch |
| 20:29 | Build | Stone Wall |
| 20:31 | Build | Stone Wall |
| 20:59 | Build | Stone Wall |
| 21:00 | Build | Stone Wall |
| 21:32 | Build | Lumber Camp |
| 21:51 | Age | Castle Age |
| 22:07 | Build | Town Center |
| 22:27 | Build | Siege Workshop |
| 22:58 | Build | Stone Wall |
| 23:04 | Create | Mangonel |
| 23:04 | Create | Mangonel |
| 23:14 | Create | Villager (Male) |
| 23:14 | Create | Villager (Male) |
| 23:15 | Create | Villager (Male) |
| 23:16 | Create | Villager (Male) |
| 23:35 | Build | University |
| 23:53 | Build | Stone Wall |
| 24:35 | Research | Hand Cart |
| 24:40 | Research | Fortified Wall (upgrade) |
| 24:40 | Research | Masonry |
| 24:41 | Research | Murder Holes |
| 24:44 | Create | Villager (Male) |
| 24:44 | Create | Villager (Male) |
| 24:45 | Create | Villager (Male) |
| 24:54 | Build | Stone Wall |
| 25:46 | Build | Stone Wall |
| 25:57 | Create | Mangonel |
| 26:11 | Build | Stone Wall |
| 26:16 | Create | Villager (Male) |
| 26:17 | Create | Villager (Male) |
| 26:17 | Create | Villager (Male) |
| 26:17 | Create | Villager (Male) |
| 26:17 | Create | Villager (Male) |
| 26:18 | Create | Villager (Male) |
| 26:18 | Create | Villager (Male) |
| 26:18 | Create | Villager (Male) |
| 26:41 | Build | Stone Wall |
| 27:06 | Create | Mangonel |
| 27:18 | Create | Villager (Male) |
Build order — Seppo
First 150 of 749 actions detected
| 0:03 | Create | Villager (Male) |
| 0:03 | Create | Villager (Male) |
| 0:04 | Build | House |
| 0:05 | Build | House |
| 0:25 | Create | Villager (Male) |
| 0:31 | Create | Villager (Male) |
| 1:39 | Build | Palisade Wall |
| 1:42 | Build | Palisade Wall |
| 1:43 | Create | Villager (Male) |
| 1:51 | Build | Lumber Camp |
| 1:59 | Create | Villager (Male) |
| 2:28 | Create | Villager (Male) |
| 2:33 | Research | Loom |
| 3:09 | Create | Villager (Male) |
| 3:09 | Create | Villager (Male) |
| 3:35 | Build | Palisade Wall |
| 3:43 | Create | Villager (Male) |
| 4:07 | Build | Palisade Wall |
| 4:14 | Create | Villager (Male) |
| 4:14 | Create | Villager (Male) |
| 4:59 | Build | Palisade Wall |
| 5:01 | Build | Palisade Wall |
| 5:14 | Build | House |
| 5:39 | Create | Villager (Male) |
| 5:39 | Create | Villager (Male) |
| 5:39 | Create | Villager (Male) |
| 5:51 | Build | Palisade Wall |
| 6:12 | Build | House |
| 6:48 | Build | Mining Camp |
| 7:06 | Build | Palisade Wall |
| 7:09 | Build | Palisade Wall |
| 7:09 | Build | Palisade Wall |
| 7:23 | Create | Villager (Male) |
| 7:23 | Create | Villager (Male) |
| 7:26 | Build | Mining Camp |
| 7:38 | Build | Palisade Wall |
| 7:44 | Build | Palisade Wall |
| 7:50 | Build | Palisade Wall |
| 7:53 | Build | Palisade Wall |
| 8:01 | Create | Villager (Male) |
| 8:10 | Build | Palisade Wall |
| 8:10 | Build | Palisade Wall |
| 8:12 | Build | Palisade Wall |
| 8:18 | Build | Palisade Wall |
| 8:36 | Create | Villager (Male) |
| 8:42 | Create | Villager (Male) |
| 8:42 | Create | Villager (Male) |
| 8:55 | Build | Palisade Wall |
| 9:03 | Build | Palisade Wall |
| 9:11 | Build | Palisade Wall |
| 9:19 | Create | Villager (Male) |
| 9:25 | Create | Villager (Male) |
| 9:38 | Build | Palisade Wall |
| 9:44 | Build | Palisade Wall |
| 9:48 | Build | Palisade Wall |
| 10:08 | Build | Palisade Wall |
| 10:20 | Research | Feudal Age |
| 10:34 | Build | Mill |
| 11:32 | Build | Mining Camp |
| 11:38 | Build | House |
| 12:23 | Create | Villager (Male) |
| 12:30 | Age | Feudal Age |
| 12:35 | Build | Stone Wall |
| 12:38 | Build | Stone Wall |
| 12:45 | Create | Villager (Male) |
| 13:11 | Create | Villager (Male) |
| 13:35 | Create | Villager (Male) |
| 13:43 | Build | Market |
| 14:03 | Create | Villager (Male) |
| 14:25 | Build | Stone Wall |
| 14:26 | Build | Stone Wall |
| 14:29 | Build | Stone Wall |
| 14:31 | Build | Stone Wall |
| 14:34 | Build | Stone Wall |
| 14:35 | Build | Stone Wall |
| 14:36 | Build | Stone Wall |
| 14:38 | Build | Stone Wall |
| 14:46 | Build | Stone Wall |
| 14:47 | Build | Stone Wall |
| 14:48 | Build | Stone Wall |
| 14:49 | Build | Stone Wall |
| 14:50 | Build | Stone Wall |
| 14:51 | Build | Stone Wall |
| 14:52 | Create | Villager (Male) |
| 14:52 | Create | Villager (Male) |
| 15:05 | Build | Blacksmith |
| 15:11 | Build | Stone Wall |
| 15:20 | Build | Stone Wall |
| 15:21 | Create | Villager (Male) |
| 15:21 | Create | Villager (Male) |
| 15:23 | Build | House |
| 15:29 | Build | House |
| 15:31 | Create | Villager (Male) |
| 15:55 | Build | Stone Wall |
| 15:57 | Build | Stone Wall |
| 16:05 | Build | Stone Wall |
| 16:09 | Build | Stone Wall |
| 16:13 | Create | Villager (Male) |
| 16:13 | Create | Villager (Male) |
| 16:34 | Build | Stone Wall |
| 16:37 | Build | Stone Wall |
| 16:37 | Build | Stone Wall |
| 16:39 | Build | Stone Wall |
| 16:41 | Build | Stone Wall |
| 16:44 | Build | Stone Wall |
| 16:45 | Build | Stone Wall |
| 16:46 | Build | Stone Wall |
| 16:53 | Build | Stone Wall |
| 17:09 | Research | Castle Age |
| 17:28 | Build | Stone Wall |
| 17:58 | Create | Villager (Male) |
| 18:19 | Build | Stone Wall |
| 18:32 | Build | Stone Wall |
| 18:33 | Build | Stone Wall |
| 18:34 | Build | Stone Wall |
| 18:35 | Build | Stone Wall |
| 18:42 | Build | Stone Wall |
| 18:44 | Build | Stone Wall |
| 18:57 | Build | Stone Wall |
| 19:00 | Build | Stone Wall |
| 19:02 | Build | Stone Wall |
| 19:03 | Build | Stone Wall |
| 19:04 | Build | Stone Wall |
| 19:08 | Build | Farm |
| 19:08 | Build | Farm |
| 19:08 | Build | Farm |
| 19:08 | Build | Farm |
| 19:08 | Build | Farm |
| 19:49 | Age | Castle Age |
| 19:51 | Build | Town Center |
| 19:52 | Create | Villager (Male) |
| 19:53 | Create | Villager (Male) |
| 19:53 | Create | Villager (Male) |
| 19:54 | Build | Siege Workshop |
| 20:09 | Create | Villager (Male) |
| 20:18 | Build | Mining Camp |
| 20:57 | Build | Stone Wall |
| 20:59 | Create | Villager (Male) |
| 20:59 | Create | Villager (Male) |
| 21:03 | Create | Villager (Male) |
| 21:09 | Create | Villager (Male) |
| 21:12 | Create | Villager (Male) |
| 21:12 | Create | Villager (Male) |
| 21:22 | Build | Stone Wall |
| 21:24 | Build | Stone Wall |
| 21:27 | Build | Stone Wall |
| 21:34 | Build | University |
| 21:35 | Create | Mangonel |
| 22:13 | Build | Farm |
| 22:14 | Create | Villager (Male) |
Build order — cCc_BADDAL ~ 1071.571
First 150 of 622 actions detected
| 0:00 | Create | Villager (Male) |
| 0:01 | Create | Villager (Male) |
| 0:01 | Create | Villager (Male) |
| 0:01 | Create | Villager (Male) |
| 0:04 | Build | House |
| 0:06 | Build | House |
| 0:07 | Build | House |
| 1:16 | Research | Loom |
| 1:16 | Research | Loom |
| 1:48 | Create | Villager (Male) |
| 2:17 | Create | Villager (Male) |
| 2:53 | Create | Villager (Male) |
| 3:14 | Create | Villager (Male) |
| 3:47 | Create | Villager (Male) |
| 3:47 | Create | Villager (Male) |
| 4:17 | Build | Lumber Camp |
| 4:29 | Create | Villager (Male) |
| 5:11 | Create | Villager (Male) |
| 5:11 | Create | Villager (Male) |
| 5:33 | Build | House |
| 5:37 | Build | House |
| 5:45 | Create | Villager (Male) |
| 5:46 | Create | Villager (Male) |
| 6:02 | Create | Villager (Male) |
| 6:02 | Create | Villager (Male) |
| 6:12 | Create | Villager (Male) |
| 6:17 | Build | Mill |
| 7:46 | Create | Villager (Male) |
| 7:46 | Create | Villager (Male) |
| 8:01 | Build | Farm |
| 8:14 | Build | Mining Camp |
| 8:18 | Create | Villager (Male) |
| 8:55 | Build | Farm |
| 9:08 | Research | Feudal Age |
| 9:42 | Build | Farm |
| 10:08 | Build | Farm |
| 10:13 | Create | Villager (Male) |
| 10:13 | Create | Villager (Male) |
| 11:12 | Create | Villager (Male) |
| 11:31 | Age | Feudal Age |
| 11:40 | Build | Market |
| 12:19 | Build | Blacksmith |
| 12:44 | Research | Castle Age |
| 13:38 | Create | Villager (Male) |
| 14:00 | Research | Double-Bit Axe |
| 14:05 | Research | Horse Collar |
| 14:35 | Build | House |
| 15:26 | Age | Castle Age |
| 15:29 | Build | Town Center |
| 15:37 | Create | Villager (Male) |
| 15:50 | Build | Town Center |
| 15:56 | Create | Villager (Male) |
| 15:57 | Create | Villager (Male) |
| 15:57 | Create | Villager (Male) |
| 15:57 | Create | Villager (Male) |
| 16:13 | Research | Bow Saw |
| 16:39 | Build | House |
| 16:42 | Build | House |
| 16:57 | Create | Villager (Male) |
| 16:57 | Create | Villager (Male) |
| 17:18 | Build | Monastery |
| 17:23 | Create | Villager (Male) |
| 17:23 | Create | Villager (Male) |
| 17:28 | Build | Farm |
| 17:36 | Create | Villager (Male) |
| 17:39 | Create | Villager (Male) |
| 17:39 | Create | Villager (Male) |
| 17:43 | Research | Wheelbarrow |
| 17:52 | Create | Monk |
| 17:52 | Create | Monk |
| 17:58 | Create | Villager (Male) |
| 17:59 | Create | Villager (Male) |
| 18:05 | Build | Farm |
| 18:10 | Build | Farm |
| 18:33 | Build | Town Center |
| 18:36 | Create | Villager (Male) |
| 18:36 | Create | Villager (Male) |
| 18:37 | Create | Villager (Male) |
| 18:40 | Build | Farm |
| 18:46 | Create | Villager (Male) |
| 19:01 | Create | Villager (Male) |
| 19:01 | Create | Villager (Male) |
| 19:02 | Create | Villager (Male) |
| 19:07 | Build | Farm |
| 19:12 | Build | Farm |
| 19:13 | Build | Farm |
| 19:19 | Create | Monk |
| 19:24 | Create | Villager (Male) |
| 19:29 | Build | Farm |
| 19:37 | Create | Villager (Male) |
| 19:37 | Create | Villager (Male) |
| 19:43 | Build | Farm |
| 19:44 | Build | Farm |
| 19:52 | Build | Farm |
| 19:54 | Create | Villager (Male) |
| 20:06 | Create | Villager (Male) |
| 20:14 | Build | Farm |
| 20:15 | Build | Farm |
| 20:19 | Create | Villager (Male) |
| 20:23 | Build | House |
| 20:45 | Create | Villager (Male) |
| 20:46 | Create | Villager (Male) |
| 20:46 | Create | Villager (Male) |
| 20:47 | Create | Villager (Male) |
| 20:47 | Create | Villager (Male) |
| 20:56 | Build | Farm |
| 20:58 | Build | Farm |
| 21:02 | Build | Farm |
| 21:08 | Create | Villager (Male) |
| 21:34 | Create | Villager (Male) |
| 21:34 | Create | Villager (Male) |
| 21:35 | Create | Villager (Male) |
| 21:35 | Create | Villager (Male) |
| 21:56 | Create | Villager (Male) |
| 21:56 | Create | Villager (Male) |
| 21:56 | Create | Villager (Male) |
| 22:01 | Build | House |
| 22:06 | Build | House |
| 22:09 | Build | Farm |
| 22:11 | Create | Villager (Male) |
| 22:11 | Create | Villager (Male) |
| 22:18 | Build | House |
| 22:20 | Build | House |
| 22:21 | Build | House |
| 22:22 | Build | House |
| 22:23 | Build | House |
| 22:25 | Build | House |
| 22:26 | Build | House |
| 22:30 | Create | Villager (Male) |
| 22:30 | Create | Villager (Male) |
| 22:31 | Create | Villager (Male) |
| 22:31 | Create | Villager (Male) |
| 22:34 | Build | Farm |
| 22:35 | Build | Farm |
| 22:40 | Build | Farm |
| 22:41 | Build | Farm |
| 22:42 | Build | Farm |
| 22:43 | Build | Farm |
| 22:48 | Build | Farm |
| 22:51 | Create | Villager (Male) |
| 22:54 | Build | Farm |
| 23:03 | Build | Town Center |
| 23:08 | Create | Villager (Male) |
| 23:08 | Create | Villager (Male) |
| 23:09 | Create | Villager (Male) |
| 23:09 | Create | Villager (Male) |
| 23:26 | Build | Farm |
| 23:28 | Build | Farm |
| 23:30 | Create | Villager (Male) |
| 23:30 | Create | Villager (Male) |
Build order — HuntTreesMineDocksBendStone
First 150 of 793 actions detected
| 0:01 | Create | Villager (Male) ×4 |
| 0:02 | Build | House |
| 0:03 | Build | House |
| 1:03 | Build | Lumber Camp |
| 1:25 | Create | Villager (Male) |
| 1:56 | Create | Villager (Male) |
| 2:30 | Create | Villager (Male) |
| 2:30 | Create | Villager (Male) |
| 2:54 | Create | Villager (Male) |
| 2:54 | Create | Villager (Male) |
| 3:01 | Research | Loom |
| 3:20 | Create | Villager (Male) |
| 3:20 | Create | Villager (Male) |
| 3:50 | Build | Palisade Wall |
| 3:51 | Create | Villager (Male) |
| 4:08 | Build | House |
| 4:13 | Create | Villager (Male) |
| 4:13 | Create | Villager (Male) |
| 4:29 | Build | Palisade Wall |
| 4:49 | Create | Villager (Male) |
| 4:49 | Create | Villager (Male) |
| 5:03 | Create | Villager (Male) |
| 5:18 | Create | Villager (Male) |
| 5:28 | Build | Palisade Wall |
| 5:28 | Build | Palisade Wall |
| 5:32 | Build | Palisade Wall |
| 6:08 | Research | Loom |
| 6:15 | Build | Mill |
| 6:34 | Build | Palisade Wall |
| 6:56 | Create | Villager (Male) |
| 6:56 | Create | Villager (Male) |
| 7:00 | Build | House |
| 7:15 | Build | Palisade Wall |
| 7:29 | Research | Feudal Age |
| 7:57 | Build | Outpost |
| 8:19 | Build | Mining Camp |
| 8:47 | Create | Villager (Male) |
| 9:01 | Create | Villager (Male) |
| 9:39 | Age | Feudal Age |
| 9:43 | Build | Stone Wall |
| 9:49 | Build | Watch Tower |
| 10:19 | Create | Villager (Male) |
| 10:25 | Research | Double-Bit Axe |
| 10:25 | Research | Double-Bit Axe |
| 10:26 | Research | Horse Collar |
| 10:34 | Build | Blacksmith |
| 10:41 | Create | Villager (Male) |
| 11:02 | Create | Villager (Male) |
| 11:19 | Create | Villager (Male) |
| 11:34 | Create | Villager (Male) |
| 11:42 | Research | Fletching |
| 12:14 | Build | House |
| 12:20 | Build | Farm |
| 12:21 | Build | Farm |
| 12:22 | Build | Farm |
| 12:40 | Create | Villager (Male) |
| 12:54 | Create | Villager (Male) |
| 13:47 | Create | Villager (Male) |
| 13:50 | Create | Villager (Male) |
| 13:57 | Build | House |
| 14:32 | Build | Mining Camp |
| 14:50 | Build | Stone Wall |
| 14:59 | Create | Villager (Male) |
| 15:03 | Build | Market |
| 15:18 | Create | Villager (Male) |
| 16:05 | Build | Stone Wall |
| 16:09 | Create | Villager (Male) |
| 16:27 | Research | Castle Age |
| 16:56 | Build | Stone Wall |
| 17:08 | Build | Farm |
| 17:31 | Build | Farm |
| 17:38 | Build | Farm |
| 17:47 | Build | Farm |
| 18:10 | Build | Stone Wall |
| 18:31 | Build | Farm |
| 18:35 | Build | Farm |
| 18:44 | Create | Villager (Male) |
| 18:44 | Create | Villager (Male) |
| 18:56 | Build | Stone Wall |
| 19:09 | Research | Wheelbarrow |
| 19:09 | Create | Villager (Male) |
| 19:14 | Age | Castle Age |
| 19:16 | Build | Town Center |
| 19:19 | Build | Town Center |
| 19:45 | Build | Stone Wall |
| 19:47 | Research | Bow Saw |
| 19:47 | Research | Bow Saw |
| 19:58 | Build | Monastery |
| 20:31 | Create | Villager (Male) |
| 20:33 | Create | Villager (Male) |
| 20:33 | Create | Villager (Male) |
| 20:42 | Build | Stone Wall |
| 20:45 | Build | Stone Wall |
| 20:49 | Create | Villager (Male) |
| 20:50 | Build | University |
| 20:53 | Create | Villager (Male) |
| 21:10 | Build | Farm |
| 21:11 | Create | Villager (Male) |
| 21:15 | Build | Farm |
| 21:18 | Build | Farm |
| 21:19 | Create | Villager (Male) |
| 21:20 | Create | Villager (Male) |
| 21:20 | Create | Villager (Male) |
| 21:26 | Build | Farm |
| 21:30 | Create | Villager (Male) |
| 21:30 | Create | Villager (Male) |
| 21:44 | Build | Stone Wall |
| 21:51 | Create | Villager (Male) |
| 21:54 | Build | Farm |
| 21:55 | Build | Farm |
| 21:56 | Build | Farm |
| 21:59 | Create | Villager (Male) |
| 22:02 | Build | Farm |
| 22:06 | Build | Farm |
| 22:25 | Research | Fortified Wall (upgrade) |
| 22:30 | Create | Villager (Male) |
| 22:30 | Create | Villager (Male) |
| 22:30 | Create | Villager (Male) |
| 22:33 | Build | House |
| 22:34 | Build | House |
| 22:39 | Build | Farm |
| 22:45 | Build | Farm |
| 22:52 | Build | Farm |
| 22:53 | Create | Villager (Male) |
| 22:58 | Build | Stone Wall |
| 23:01 | Build | Stone Wall |
| 23:02 | Create | Villager (Male) |
| 23:09 | Create | Villager (Male) |
| 23:15 | Build | Farm |
| 23:15 | Build | Farm |
| 23:19 | Build | Farm |
| 23:21 | Build | Farm |
| 23:22 | Create | Villager (Male) |
| 23:24 | Build | Farm |
| 23:25 | Create | Villager (Male) |
| 23:27 | Build | Farm |
| 23:30 | Create | Villager (Male) |
| 23:34 | Create | Villager (Male) |
| 23:51 | Build | Siege Workshop |
| 23:54 | Create | Villager (Male) |
| 23:55 | Create | Villager (Male) |
| 23:58 | Build | Farm |
| 24:02 | Research | Fervor |
| 24:07 | Build | House |
| 24:08 | Build | House |
| 24:13 | Create | Villager (Male) |
| 24:20 | Build | Mining Camp |
| 24:28 | Create | Villager (Male) |
| 24:29 | Create | Villager (Male) |
| 24:37 | Build | Stone Wall |
Build order —
First 150 of 951 actions detected
| 0:00 | Build | House |
| 0:02 | Build | House |
| 1:42 | Build | Lumber Camp |
| 2:00 | Build | Mill |
| 3:05 | Build | Lumber Camp |
| 3:46 | Build | House |
| 5:26 | Research | Tech None |
| 5:26 | Build | House |
| 5:27 | Build | Barracks |
| 7:36 | Research | Tech None |
| 7:36 | Build | Stable |
| 7:37 | Research | Tech None |
| 7:41 | Research | Tech None |
| 8:11 | Build | Farm |
| 8:47 | Build | Farm |
| 8:57 | Build | House |
| 9:17 | Research | Tech None |
| 9:18 | Build | Mining Camp |
| 9:39 | Build | Watch Tower |
| 9:54 | Build | Archery Range |
| 9:56 | Build | Watch Tower |
| 10:32 | Build | House |
| 10:36 | Create | Spearman |
| 11:22 | Build | House |
| 12:23 | Build | Archery Range |
| 12:33 | Build | Blacksmith |
| 12:33 | Research | Tech None |
| 13:00 | Research | Tech None |
| 13:30 | Research | Tech None |
| 13:45 | Build | Town Center |
| 14:23 | Build | Mining Camp |
| 14:43 | Create | Skirmisher |
| 14:44 | Create | Skirmisher |
| 14:58 | Create | Skirmisher |
| 15:14 | Research | Tech None |
| 15:14 | Research | Tech None |
| 15:40 | Build | Farm |
| 16:03 | Build | Farm |
| 16:17 | Build | Town Center |
| 16:30 | Build | House |
| 16:31 | Build | House |
| 16:42 | Build | Farm |
| 16:49 | Research | Tech None |
| 16:54 | Build | Farm |
| 16:56 | Build | House |
| 17:20 | Build | Farm |
| 17:22 | Build | Farm |
| 17:24 | Research | Tech None |
| 17:30 | Build | Farm |
| 17:46 | Build | Farm |
| 17:49 | Build | Farm |
| 18:15 | Build | Monastery |
| 18:26 | Build | Farm |
| 18:37 | Build | Farm |
| 18:46 | Build | Farm |
| 18:55 | Build | Farm |
| 19:01 | Create | Archer |
| 19:02 | Create | Archer |
| 19:16 | Build | Farm |
| 19:17 | Build | House |
| 19:18 | Build | House |
| 19:19 | Research | Tech None |
| 19:27 | Build | Market |
| 19:41 | Build | Farm |
| 19:49 | Build | Archery Range |
| 19:52 | Build | Farm |
| 19:53 | Build | Farm |
| 20:06 | Research | Tech None |
| 20:06 | Create | Monk |
| 20:10 | Create | Archer |
| 20:10 | Build | Farm |
| 20:11 | Build | Stable |
| 20:17 | Build | House |
| 20:17 | Build | House |
| 20:23 | Build | Siege Workshop |
| 20:32 | Build | Farm |
| 20:36 | Research | Tech None |
| 20:38 | Create | Archer |
| 20:40 | Create | Archer |
| 20:41 | Research | Tech None |
| 20:41 | Create | Archer |
| 20:50 | Create | Battering Ram |
| 20:50 | Build | Lumber Camp |
| 20:55 | Build | House |
| 21:01 | Build | House |
| 21:11 | Build | Farm |
| 21:13 | Research | Tech None |
| 21:18 | Build | Farm |
| 21:20 | Build | Farm |
| 21:34 | Build | Farm |
| 21:44 | Build | Farm |
| 21:56 | Build | House |
| 21:58 | Research | Tech None |
| 21:58 | Create | Archer |
| 21:58 | Build | House |
| 22:03 | Build | House |
| 22:09 | Build | Farm |
| 22:25 | Create | Archer |
| 22:25 | Create | Skirmisher |
| 22:29 | Create | Archer |
| 22:29 | Create | Skirmisher |
| 22:33 | Research | Tech None |
| 22:48 | Research | Tech None |
| 23:07 | Research | Tech None |
| 23:08 | Build | House |
| 23:09 | Build | House |
| 23:09 | Build | Farm |
| 23:11 | Build | Farm |
| 23:14 | Build | Farm |
| 23:18 | Build | Farm |
| 23:18 | Create | Archer |
| 23:22 | Build | Farm |
| 23:25 | Build | Farm |
| 23:33 | Build | House |
| 23:37 | Create | Cavalry Archer |
| 23:38 | Build | Farm |
| 23:39 | Create | Cavalry Archer |
| 23:42 | Build | Farm |
| 23:55 | Build | Farm |
| 23:55 | Create | Archer |
| 24:03 | Build | Mill |
| 24:09 | Research | Tech None |
| 24:09 | Build | Mining Camp |
| 24:12 | Research | Tech None |
| 24:19 | Research | Tech None |
| 24:29 | Build | House |
| 24:30 | Build | House |
| 24:31 | Research | Tech None |
| 24:35 | Build | House |
| 24:39 | Create | Battering Ram |
| 24:54 | Build | House |
| 24:54 | Build | Lumber Camp |
| 24:55 | Build | House |
| 24:56 | Build | House |
| 24:58 | Research | Tech None |
| 25:17 | Build | Barracks |
| 25:28 | Build | University |
| 25:36 | Build | Market |
| 25:40 | Create | Knight |
| 25:42 | Create | Knight |
| 25:50 | Research | Tech None |
| 25:56 | Build | Barracks |
| 26:04 | Build | House |
| 26:04 | Build | House |
| 26:05 | Build | House |
| 26:05 | Build | House |
| 26:13 | Build | Barracks |
| 26:16 | Build | Barracks |
| 26:20 | Create | Knight |
| 26:22 | Build | Barracks |
Build order —
First 150 of 981 actions detected
| 0:00 | Build | House |
| 0:02 | Build | House |
| 1:41 | Build | Lumber Camp |
| 2:00 | Build | Mill |
| 2:53 | Build | Lumber Camp |
| 3:46 | Build | House |
| 4:59 | Build | Mining Camp |
| 5:51 | Research | Tech None |
| 5:51 | Build | House |
| 6:45 | Research | Tech None |
| 6:45 | Build | Barracks |
| 9:16 | Build | Market |
| 9:17 | Research | Tech None |
| 9:17 | Build | Blacksmith |
| 9:17 | Research | Tech None |
| 9:17 | Build | House |
| 9:18 | Build | Stable |
| 9:19 | Build | Farm |
| 9:20 | Build | Farm |
| 9:29 | Research | Tech None |
| 9:38 | Build | Farm |
| 9:38 | Build | Farm |
| 9:48 | Build | Farm |
| 10:06 | Research | Tech None |
| 10:34 | Research | Tech None |
| 11:23 | Build | Farm |
| 11:24 | Build | Farm |
| 11:24 | Build | Farm |
| 11:25 | Build | Farm |
| 11:26 | Build | Farm |
| 11:27 | Build | Farm |
| 11:27 | Build | Farm |
| 12:46 | Research | Tech None |
| 12:46 | Create | Knight |
| 12:47 | Research | Tech None |
| 12:47 | Build | Town Center |
| 12:48 | Build | House |
| 13:04 | Build | House |
| 13:22 | Build | Town Center |
| 13:22 | Build | House |
| 13:30 | Build | House |
| 13:49 | Research | Tech None |
| 14:22 | Build | Stable |
| 14:27 | Create | Knight |
| 15:00 | Build | Monastery |
| 15:19 | Create | Knight |
| 15:24 | Build | Stable |
| 15:28 | Research | Tech None |
| 15:43 | Build | Farm |
| 15:51 | Research | Tech None |
| 16:06 | Build | Farm |
| 16:26 | Build | Farm |
| 16:32 | Build | Farm |
| 16:47 | Build | Town Center |
| 16:51 | Build | House |
| 16:55 | Build | House |
| 16:58 | Build | Farm |
| 17:03 | Build | Farm |
| 17:16 | Build | House |
| 17:20 | Build | Farm |
| 17:21 | Build | Farm |
| 17:29 | Research | Tech None |
| 17:50 | Build | Farm |
| 17:53 | Build | Farm |
| 17:59 | Research | Tech None |
| 18:07 | Build | Farm |
| 18:11 | Build | Farm |
| 18:17 | Build | Farm |
| 18:26 | Build | Farm |
| 18:33 | Build | Farm |
| 18:36 | Build | Farm |
| 18:50 | Build | Stable |
| 18:54 | Build | Stable |
| 19:02 | Build | House |
| 19:10 | Build | House |
| 19:18 | Build | Mining Camp |
| 19:22 | Build | House |
| 19:34 | Build | Siege Workshop |
| 19:55 | Build | Siege Workshop |
| 20:02 | Build | Mining Camp |
| 20:03 | Build | Lumber Camp |
| 20:12 | Build | Mining Camp |
| 20:14 | Build | Mining Camp |
| 20:16 | Build | House |
| 20:17 | Build | House |
| 20:35 | Research | Tech None |
| 20:35 | Build | House |
| 20:35 | Research | Tech None |
| 20:36 | Research | Tech None |
| 20:36 | Build | House |
| 20:48 | Build | House |
| 20:48 | Build | University |
| 20:52 | Research | Tech None |
| 20:53 | Build | House |
| 21:09 | Build | House |
| 21:25 | Build | University |
| 21:27 | Build | Farm |
| 21:33 | Build | Farm |
| 21:38 | Build | Barracks |
| 21:44 | Build | Barracks |
| 21:56 | Build | Barracks |
| 22:04 | Build | Barracks |
| 22:12 | Build | Barracks |
| 22:15 | Research | Tech None |
| 22:17 | Build | Lumber Camp |
| 22:28 | Build | Market |
| 22:32 | Build | House |
| 22:33 | Build | House |
| 22:33 | Build | House |
| 22:36 | Build | Farm |
| 22:40 | Build | Barracks |
| 22:47 | Build | Farm |
| 22:51 | Build | House |
| 22:56 | Build | Stable |
| 23:00 | Build | Stable |
| 23:06 | Build | Stable |
| 23:15 | Build | House |
| 23:15 | Build | Farm |
| 23:16 | Build | House |
| 23:26 | Build | Market |
| 23:26 | Build | Siege Workshop |
| 23:32 | Build | Farm |
| 23:35 | Build | House |
| 23:39 | Build | Siege Workshop |
| 23:42 | Build | Farm |
| 23:45 | Build | House |
| 23:45 | Research | Tech None |
| 23:45 | Research | Tech None |
| 23:46 | Research | Tech None |
| 23:47 | Research | Tech None |
| 23:52 | Build | Farm |
| 23:55 | Build | Archery Range |
| 23:57 | Build | Farm |
| 24:02 | Build | Archery Range |
| 24:04 | Build | Lumber Camp |
| 24:05 | Build | House |
| 24:06 | Build | House |
| 24:08 | Research | Tech None |
| 24:10 | Build | Farm |
| 24:11 | Build | Farm |
| 24:12 | Build | Market |
| 24:21 | Build | Archery Range |
| 24:27 | Build | Farm |
| 24:29 | Build | Archery Range |
| 24:36 | Build | Farm |
| 24:37 | Build | Farm |
| 24:38 | Build | Farm |
| 24:40 | Research | Tech None |
| 24:41 | Build | Mill |
| 24:49 | Build | Farm |
Build order —
First 150 of 1633 actions detected
| 0:00 | Build | House |
| 0:02 | Build | House |
| 1:41 | Build | Mule Cart |
| 2:00 | Build | Mill |
| 2:01 | Build | Mule Cart |
| 3:46 | Build | House |
| 5:26 | Research | Tech None |
| 6:16 | Build | House |
| 6:57 | Research | Tech None |
| 6:57 | Build | Barracks |
| 6:59 | Build | Mule Cart |
| 9:17 | Build | Market |
| 9:17 | Research | Tech None |
| 9:17 | Build | Blacksmith |
| 9:18 | Research | Tech None |
| 9:18 | Build | House |
| 9:19 | Build | Stable |
| 9:38 | Research | Tech None |
| 9:38 | Build | Farm |
| 9:46 | Build | Farm |
| 10:07 | Research | Tech None |
| 10:25 | Build | Farm |
| 10:40 | Build | Farm |
| 10:47 | Build | Farm |
| 11:01 | Build | Farm |
| 11:46 | Research | Tech None |
| 12:44 | Build | Farm |
| 12:47 | Research | Tech None |
| 12:47 | Build | Town Center |
| 12:48 | Research | Tech None |
| 12:48 | Build | Town Center |
| 12:48 | Build | House |
| 13:00 | Research | Tech None |
| 13:01 | Build | House |
| 13:18 | Build | House |
| 13:32 | Build | House |
| 13:46 | Build | Stable |
| 14:26 | Build | Farm |
| 14:33 | Build | Mule Cart |
| 14:53 | Build | Farm |
| 15:08 | Build | Farm |
| 15:17 | Build | Farm |
| 15:25 | Build | Farm |
| 15:41 | Research | Tech None |
| 15:42 | Build | Farm |
| 15:51 | Build | Farm |
| 16:08 | Build | Farm |
| 16:09 | Build | House |
| 16:10 | Build | House |
| 16:16 | Build | Farm |
| 16:19 | Build | Farm |
| 16:28 | Build | Farm |
| 16:38 | Build | Farm |
| 16:42 | Build | Farm |
| 17:00 | Build | Town Center |
| 17:08 | Research | Tech None |
| 17:28 | Build | Monastery |
| 17:28 | Build | Monastery |
| 17:34 | Build | House |
| 17:37 | Build | House |
| 18:00 | Build | Stable |
| 18:09 | Research | Tech None |
| 18:10 | Build | Stable |
| 18:41 | Build | House |
| 18:43 | Build | House |
| 18:51 | Build | University |
| 18:59 | Research | Tech None |
| 19:05 | Build | Siege Workshop |
| 19:10 | Research | Tech None |
| 19:39 | Build | Mule Cart |
| 19:52 | Build | Farm |
| 19:52 | Research | Tech None |
| 19:53 | Build | House |
| 19:54 | Build | House |
| 20:03 | Build | Farm |
| 20:08 | Build | Farm |
| 20:10 | Build | Farm |
| 20:12 | Build | Farm |
| 20:15 | Build | Farm |
| 20:40 | Build | Farm |
| 20:40 | Build | Farm |
| 20:42 | Research | Tech None |
| 20:46 | Build | Farm |
| 20:50 | Build | Farm |
| 20:59 | Build | House |
| 21:05 | Build | House |
| 21:09 | Build | Farm |
| 21:15 | Build | Farm |
| 21:18 | Build | Farm |
| 21:18 | Build | House |
| 21:23 | Build | Farm |
| 21:24 | Build | Farm |
| 21:24 | Build | Farm |
| 21:35 | Research | Tech None |
| 21:37 | Research | Tech None |
| 21:41 | Build | Monastery |
| 21:41 | Build | Monastery |
| 21:44 | Build | House |
| 21:45 | Build | House |
| 21:51 | Build | Monastery |
| 21:51 | Build | Monastery |
| 21:52 | Research | Tech None |
| 22:02 | Research | Tech None |
| 22:03 | Build | Mule Cart |
| 22:04 | Build | House |
| 22:13 | Research | Tech None |
| 22:36 | Build | Archery Range |
| 22:40 | Build | Mule Cart |
| 22:42 | Research | Tech None |
| 22:55 | Build | House |
| 22:55 | Build | House |
| 23:01 | Build | Barracks |
| 23:09 | Build | Castle |
| 23:24 | Build | Monastery |
| 23:24 | Build | Monastery |
| 23:29 | Build | Barracks |
| 23:34 | Research | Tech None |
| 23:35 | Research | Tech None |
| 23:37 | Build | Barracks |
| 23:43 | Build | Barracks |
| 23:45 | Build | House |
| 23:45 | Build | House |
| 23:50 | Research | Tech None |
| 23:57 | Build | Farm |
| 24:02 | Build | Farm |
| 24:03 | Build | Barracks |
| 24:05 | Build | House |
| 24:07 | Build | Market |
| 24:09 | Build | Farm |
| 24:10 | Build | House |
| 24:15 | Research | Tech None |
| 24:15 | Build | Farm |
| 24:17 | Build | Castle |
| 24:20 | Build | Mule Cart |
| 24:22 | Build | Barracks |
| 24:32 | Build | Farm |
| 24:36 | Build | Market |
| 24:36 | Build | Monastery |
| 24:43 | Research | Tech None |
| 24:43 | Build | Farm |
| 24:44 | Build | Mill |
| 24:44 | Create | Scout Cavalry |
| 24:45 | Create | Militia |
| 24:45 | Create | Scout Cavalry |
| 24:53 | Research | Tech None |
| 25:01 | Create | Scout Cavalry |
| 25:02 | Research | Tech None |
| 25:03 | Create | Scout Cavalry |
| 25:03 | Create | Scout Cavalry |
| 25:14 | Build | Farm |
Build order —
First 150 of 1324 actions detected
| 0:00 | Build | House |
| 0:02 | Build | House |
| 1:41 | Build | Lumber Camp |
| 2:00 | Build | Mill |
| 3:15 | Build | Lumber Camp |
| 3:46 | Build | House |
| 5:07 | Build | Mining Camp |
| 5:12 | Research | Tech None |
| 5:26 | Build | House |
| 5:53 | Build | Barracks |
| 7:36 | Research | Tech None |
| 7:36 | Build | Archery Range |
| 7:37 | Research | Tech None |
| 7:40 | Research | Tech None |
| 7:51 | Build | Farm |
| 8:39 | Build | Archery Range |
| 8:40 | Build | House |
| 8:45 | Build | House |
| 9:12 | Build | Blacksmith |
| 9:32 | Build | Blacksmith |
| 9:35 | Build | Blacksmith |
| 9:47 | Build | House |
| 9:48 | Build | House |
| 9:59 | Build | House |
| 10:05 | Research | Tech None |
| 10:25 | Build | House |
| 10:30 | Build | Lumber Camp |
| 11:35 | Build | Market |
| 12:25 | Research | Tech None |
| 12:25 | Research | Tech None |
| 12:31 | Build | Archery Range |
| 13:00 | Build | House |
| 13:01 | Build | House |
| 13:33 | Build | Archery Range |
| 13:57 | Build | Archery Range |
| 15:05 | Research | Tech None |
| 15:06 | Research | Tech None |
| 15:06 | Research | Tech None |
| 15:06 | Research | Tech None |
| 15:06 | Build | Town Center |
| 15:07 | Research | Tech None |
| 15:17 | Research | Tech None |
| 15:26 | Research | Tech None |
| 15:30 | Build | House |
| 15:31 | Build | House |
| 16:14 | Build | Town Center |
| 16:20 | Build | Farm |
| 16:24 | Build | Farm |
| 16:41 | Build | Farm |
| 16:45 | Research | Tech None |
| 17:00 | Build | Monastery |
| 17:27 | Build | University |
| 17:46 | Build | Siege Workshop |
| 18:00 | Build | Farm |
| 18:01 | Build | Farm |
| 18:11 | Build | Farm |
| 18:12 | Build | Farm |
| 18:14 | Build | Farm |
| 18:25 | Build | Farm |
| 18:49 | Build | Farm |
| 18:50 | Build | Farm |
| 19:00 | Build | Mining Camp |
| 19:14 | Build | Farm |
| 19:34 | Build | House |
| 19:36 | Build | House |
| 19:39 | Research | Tech None |
| 19:43 | Build | Farm |
| 19:49 | Build | Farm |
| 19:51 | Build | House |
| 19:52 | Build | Mining Camp |
| 20:03 | Build | Farm |
| 20:14 | Build | Farm |
| 20:19 | Build | Farm |
| 20:20 | Build | Farm |
| 20:29 | Build | Farm |
| 20:30 | Build | House |
| 20:31 | Build | House |
| 20:36 | Build | Farm |
| 20:53 | Build | Farm |
| 20:55 | Research | Tech None |
| 20:57 | Build | Farm |
| 20:59 | Build | Farm |
| 21:07 | Build | Farm |
| 21:19 | Build | Farm |
| 21:26 | Build | Farm |
| 21:27 | Build | Farm |
| 21:31 | Build | Farm |
| 21:44 | Research | Tech None |
| 21:44 | Build | Farm |
| 21:45 | Build | House |
| 21:55 | Research | Tech None |
| 22:01 | Build | Lumber Camp |
| 22:04 | Build | House |
| 22:05 | Build | House |
| 22:06 | Build | House |
| 22:25 | Build | Barracks |
| 22:27 | Build | House |
| 22:36 | Research | Tech None |
| 22:44 | Build | Barracks |
| 22:48 | Build | Barracks |
| 22:55 | Build | Barracks |
| 23:09 | Build | Archery Range |
| 23:17 | Build | Lumber Camp |
| 23:27 | Build | Market |
| 23:48 | Build | Archery Range |
| 23:55 | Build | Siege Workshop |
| 23:57 | Build | House |
| 23:58 | Build | House |
| 24:04 | Build | House |
| 24:19 | Build | Archery Range |
| 24:22 | Build | Stable |
| 24:38 | Build | Stable |
| 24:44 | Build | Stable |
| 24:44 | Build | Stable |
| 24:45 | Build | Market |
| 24:50 | Build | Archery Range |
| 24:55 | Research | Tech None |
| 24:55 | Research | Tech None |
| 24:55 | Research | Tech None |
| 25:04 | Build | Stable |
| 25:08 | Build | Stable |
| 25:19 | Build | Stable |
| 25:21 | Research | Tech None |
| 25:22 | Build | House |
| 25:37 | Research | Tech None |
| 25:42 | Build | Stable |
| 25:42 | Build | Market |
| 25:43 | Build | Stable |
| 25:47 | Build | Siege Workshop |
| 25:48 | Research | Tech None |
| 25:49 | Build | House |
| 25:50 | Build | House |
| 25:50 | Build | House |
| 26:04 | Build | Lumber Camp |
| 26:06 | Build | Market |
| 26:06 | Research | Tech None |
| 26:13 | Build | Castle |
| 26:19 | Build | House |
| 26:19 | Build | House |
| 26:23 | Research | Tech None |
| 26:25 | Build | Market |
| 26:31 | Build | Stable |
| 26:33 | Build | House |
| 26:41 | Build | Siege Workshop |
| 26:46 | Build | Farm |
| 26:52 | Build | Siege Workshop |
| 26:59 | Build | Siege Workshop |
| 27:02 | Build | Stable |
| 27:11 | Build | Farm |
| 27:12 | Research | Tech None |
Match timeline
| 1:39 | Seppo · wall_segment Palisade Wall x5 |
| 1:42 | Seppo · wall_segment Palisade Wall x11 |
| 2:20 | 999zwj · wall_segment Palisade Wall x17 |
| 3:35 | Seppo · wall_segment Palisade Wall x15 |
| 3:50 | HuntTreesMineDocksBendStone · wall_segment Palisade Wall x5 |
| 4:07 | Seppo · wall_segment Palisade Wall x3 |
| 4:22 | 999zwj · wall_segment Palisade Wall x15 |
| 4:29 | HuntTreesMineDocksBendStone · wall_segment Palisade Wall x7 |
| 4:59 | Seppo · wall_segment Palisade Wall x5 |
| 5:01 | Seppo · wall_segment Palisade Wall x11 |
| 5:26 | 999zwj · wall_segment Palisade Wall x17 |
| 5:27 | · first_building Barracks |
| 5:28 | HuntTreesMineDocksBendStone · wall_segment Palisade Wall x1 |
| 5:28 | HuntTreesMineDocksBendStone · wall_segment Palisade Wall x1 |
| 5:32 | HuntTreesMineDocksBendStone · wall_segment Palisade Wall x12 |
| 5:51 | Seppo · wall_segment Palisade Wall x15 |
| 5:53 | · first_building Barracks |
| 6:34 | 999zwj · wall_segment Palisade Wall x7 |
| 6:34 | HuntTreesMineDocksBendStone · wall_segment Palisade Wall x14 |
| 6:35 | 999zwj · wall_segment Palisade Wall x9 |
| 6:45 | · first_building Barracks |
| 6:57 | · first_building Barracks |
| 7:06 | Seppo · wall_segment Palisade Wall x14 |
| 7:09 | Seppo · wall_segment Palisade Wall x5 |
| 7:09 | Seppo · wall_segment Palisade Wall x5 |
| 7:15 | HuntTreesMineDocksBendStone · wall_segment Palisade Wall x6 |
| 7:36 | · first_building Archery Range |
| 7:36 | · first_building Stable |
| 7:38 | Seppo · wall_segment Palisade Wall x1 |
| 7:44 | Seppo · wall_segment Palisade Wall x1 |
| 7:46 | 999zwj · wall_segment Palisade Wall x13 |
| 7:48 | 999zwj · wall_segment Palisade Wall x13 |
| 7:50 | Seppo · wall_segment Palisade Wall x1 |
| 7:53 | Seppo · wall_segment Palisade Wall x1 |
| 8:10 | Seppo · wall_segment Palisade Wall x2 |
| 8:10 | Seppo · wall_segment Palisade Wall x4 |
| 8:12 | Seppo · wall_segment Palisade Wall x4 |
| 8:18 | Seppo · wall_segment Palisade Wall x7 |
| 8:49 | 999zwj · wall_segment Palisade Wall x7 |
| 8:52 | 999zwj · wall_segment Palisade Wall x8 |
| 8:55 | Seppo · wall_segment Palisade Wall x7 |
| 9:03 | Seppo · wall_segment Palisade Wall x1 |
| 9:06 | 999zwj · wall_segment Palisade Wall x4 |
| 9:11 | Seppo · wall_segment Palisade Wall x6 |
| 9:18 | · first_building Stable |
| 9:19 | · first_building Stable |
| 9:38 | Seppo · wall_segment Palisade Wall x5 |
| 9:39 | HuntTreesMineDocksBendStone · age_up feudal |
| 9:43 | HuntTreesMineDocksBendStone · wall_segment Stone Wall x15 |
| 9:44 | Seppo · wall_segment Palisade Wall x17 |
| 9:48 | Seppo · wall_segment Palisade Wall x1 |
| 9:54 | · first_building Archery Range |
| 10:08 | Seppo · wall_segment Palisade Wall x13 |
| 10:58 | 999zwj · wall_segment Palisade Wall x11 |
| 11:31 | 999zwj · wall_segment Palisade Wall x3 |
| 11:31 | cCc_BADDAL ~ 1071.571 · age_up feudal |
| 11:32 | 999zwj · wall_segment Palisade Wall x8 |
| 12:18 | 999zwj · age_up feudal |
| 12:30 | Seppo · age_up feudal |
| 12:35 | Seppo · wall_segment Stone Wall x7 |
| 12:36 | 999zwj · wall_segment Stone Wall x13 |
| 12:38 | Seppo · wall_segment Stone Wall x28 |
| 12:39 | 999zwj · wall_segment Stone Wall x10 |
| 12:59 | 999zwj · wall_segment Stone Wall x3 |
| 13:02 | 999zwj · wall_segment Stone Wall x5 |
| 13:02 | 999zwj · wall_segment Stone Wall x1 |
| 13:03 | 999zwj · wall_segment Stone Wall x10 |
| 13:11 | 999zwj · wall_segment Stone Wall x8 |
| 13:13 | 999zwj · wall_segment Stone Wall x9 |
| 13:15 | 999zwj · wall_segment Stone Wall x2 |
| 13:16 | 999zwj · wall_segment Stone Wall x2 |
| 14:25 | Seppo · wall_segment Stone Wall x1 |
| 14:26 | Seppo · wall_segment Stone Wall x1 |
| 14:26 | · first_market_sell 100 food |
| 14:29 | Seppo · wall_segment Stone Wall x1 |
| 14:31 | Seppo · wall_segment Stone Wall x5 |
| 14:34 | Seppo · wall_segment Stone Wall x1 |
| 14:35 | Seppo · wall_segment Stone Wall x1 |
| 14:36 | Seppo · wall_segment Stone Wall x1 |
| 14:38 | Seppo · wall_segment Stone Wall x1 |
| 14:46 | Seppo · wall_segment Stone Wall x1 |
| 14:47 | Seppo · wall_segment Stone Wall x1 |
| 14:48 | Seppo · wall_segment Stone Wall x1 |
| 14:49 | Seppo · wall_segment Stone Wall x1 |
| 14:50 | HuntTreesMineDocksBendStone · wall_segment Stone Wall x17 |
| 14:50 | Seppo · wall_segment Stone Wall x1 |
| 14:51 | Seppo · wall_segment Stone Wall x1 |
| 14:53 | 999zwj · wall_segment Stone Wall x4 |
| 14:55 | 999zwj · wall_segment Stone Wall x8 |
| 14:57 | 999zwj · wall_segment Stone Wall x5 |
| 15:00 | · first_building Monastery |
| 15:05 | 999zwj · wall_segment Stone Wall x11 |
| 15:08 | 999zwj · wall_segment Stone Wall x9 |
| 15:11 | Seppo · wall_segment Stone Wall x7 |
| 15:20 | Seppo · wall_segment Stone Wall x9 |
| 15:26 | cCc_BADDAL ~ 1071.571 · age_up castle |
| 15:55 | Seppo · wall_segment Stone Wall x5 |
| 15:57 | Seppo · wall_segment Stone Wall x11 |
| 16:05 | HuntTreesMineDocksBendStone · wall_segment Stone Wall x10 |
| 16:05 | Seppo · wall_segment Stone Wall x6 |
| 16:09 | Seppo · wall_segment Stone Wall x6 |
| 16:26 | HuntTreesMineDocksBendStone · first_market_sell 100 stone |
| 16:34 | Seppo · wall_segment Stone Wall x1 |
| 16:37 | Seppo · wall_segment Stone Wall x1 |
| 16:37 | Seppo · wall_segment Stone Wall x1 |
| 16:39 | Seppo · wall_segment Stone Wall x1 |
| 16:41 | Seppo · wall_segment Stone Wall x1 |
| 16:44 | Seppo · wall_segment Stone Wall x1 |
| 16:45 | Seppo · wall_segment Stone Wall x1 |
| 16:46 | Seppo · wall_segment Stone Wall x1 |
| 16:53 | Seppo · wall_segment Stone Wall x7 |
| 16:56 | HuntTreesMineDocksBendStone · wall_segment Stone Wall x9 |
| 17:00 | · first_building Monastery |
| 17:00 | Seppo · first_market_sell 100 wood |
| 17:18 | cCc_BADDAL ~ 1071.571 · first_building Monastery |
| 17:28 | Seppo · wall_segment Stone Wall x18 |
| 17:28 | · first_building Monastery |
| 17:46 | · first_building Siege Workshop |
| 18:10 | HuntTreesMineDocksBendStone · wall_segment Stone Wall x7 |
| 18:15 | · first_building Monastery |
| 18:19 | · first_market_buy 100 food |
| 18:19 | Seppo · wall_segment Stone Wall x5 |
| 18:24 | 999zwj · wall_segment Stone Wall x11 |
| 18:27 | 999zwj · wall_segment Stone Wall x10 |
| 18:32 | Seppo · wall_segment Stone Wall x1 |
| 18:33 | Seppo · wall_segment Stone Wall x1 |
| 18:34 | Seppo · wall_segment Stone Wall x1 |
| 18:35 | Seppo · wall_segment Stone Wall x1 |
| 18:42 | Seppo · wall_segment Stone Wall x1 |
| 18:44 | Seppo · wall_segment Stone Wall x1 |
| 18:56 | HuntTreesMineDocksBendStone · wall_segment Stone Wall x8 |
| 18:57 | Seppo · wall_segment Stone Wall x2 |
| 19:00 | Seppo · wall_segment Stone Wall x1 |
| 19:02 | Seppo · wall_segment Stone Wall x1 |
| 19:03 | Seppo · wall_segment Stone Wall x1 |
| 19:04 | Seppo · wall_segment Stone Wall x1 |
| 19:05 | · first_building Siege Workshop |
| 19:14 | HuntTreesMineDocksBendStone · age_up castle |
| 19:34 | cCc_BADDAL ~ 1071.571 · first_market_buy 100 food |
| 19:34 | · first_building Siege Workshop |
| 19:45 | HuntTreesMineDocksBendStone · wall_segment Stone Wall x8 |
| 19:49 | Seppo · age_up castle |
| 19:52 | · first_market_sell 100 food |
| 19:53 | HuntTreesMineDocksBendStone · first_market_buy 100 wood |
| 19:54 | Seppo · first_building Siege Workshop |
| 19:58 | HuntTreesMineDocksBendStone · first_building Monastery |
| 20:11 | · first_market_buy 100 wood |
| 20:23 | · first_building Siege Workshop |
| 20:29 | 999zwj · wall_segment Stone Wall x9 |
| 20:31 | 999zwj · wall_segment Stone Wall x14 |
| 20:42 | HuntTreesMineDocksBendStone · wall_segment Stone Wall x1 |
| 20:45 | HuntTreesMineDocksBendStone · wall_segment Stone Wall x9 |
| 20:57 | Seppo · wall_segment Stone Wall x9 |
| 20:59 | 999zwj · wall_segment Stone Wall x10 |
| 21:00 | 999zwj · wall_segment Stone Wall x10 |
| 21:15 | · first_market_sell 100 food |
| 21:22 | Seppo · wall_segment Stone Wall x1 |
| 21:24 | Seppo · wall_segment Stone Wall x1 |
| 21:27 | Seppo · wall_segment Stone Wall x1 |
| 21:44 | HuntTreesMineDocksBendStone · wall_segment Stone Wall x10 |
| 21:51 | 999zwj · age_up castle |
| 22:27 | 999zwj · first_building Siege Workshop |
| 22:36 | · first_building Archery Range |
| 22:58 | 999zwj · wall_segment Stone Wall x16 |
| 22:58 | HuntTreesMineDocksBendStone · wall_segment Stone Wall x11 |
| 23:01 | HuntTreesMineDocksBendStone · wall_segment Stone Wall x1 |
| 23:09 | · first_building Castle |
| 23:16 | Seppo · first_market_buy 100 food |
| 23:41 | Seppo · wall_segment Stone Wall x14 |
| 23:46 | · first_market_sell 100 food |
| 23:51 | HuntTreesMineDocksBendStone · first_building Siege Workshop |
| 23:53 | 999zwj · wall_segment Stone Wall x16 |
| 23:55 | · first_building Archery Range |
| 24:03 | · first_market_buy 100 wood |
| 24:22 | · first_building Stable |
| 24:37 | HuntTreesMineDocksBendStone · wall_segment Stone Wall x7 |
| 24:44 | HuntTreesMineDocksBendStone · wall_segment Stone Wall x11 |
| 24:46 | HuntTreesMineDocksBendStone · wall_segment Stone Wall x1 |
| 24:48 | Seppo · wall_segment Stone Wall x13 |
| 24:54 | 999zwj · wall_segment Stone Wall x17 |
| 25:34 | · first_building Castle |
| 25:40 | HuntTreesMineDocksBendStone · wall_segment Stone Wall x9 |
| 25:46 | 999zwj · wall_segment Stone Wall x5 |
| 25:53 | Seppo · wall_segment Stone Wall x6 |
| 26:11 | 999zwj · wall_segment Stone Wall x18 |
| 26:13 | · first_building Castle |
| 26:13 | Seppo · wall_segment Stone Wall x10 |
| 26:34 | HuntTreesMineDocksBendStone · wall_segment Stone Wall x1 |
| 26:41 | 999zwj · wall_segment Stone Wall x11 |
| 27:01 | Seppo · wall_segment Stone Wall x1 |
| 27:09 | Seppo · wall_segment Stone Wall x6 |
| 27:14 | Seppo · wall_segment Stone Wall x3 |
| 27:21 | · first_building Castle |
| 27:31 | HuntTreesMineDocksBendStone · wall_segment Stone Wall x10 |
| 27:42 | Seppo · wall_segment Stone Wall x11 |
| 27:53 | Seppo · wall_segment Stone Wall x13 |
| 28:22 | 999zwj · wall_segment Stone Wall x23 |
| 28:54 | 999zwj · wall_segment Stone Wall x8 |
| 29:09 | Seppo · wall_segment Stone Wall x4 |
| 29:12 | Seppo · wall_segment Stone Wall x13 |
| 29:30 | HuntTreesMineDocksBendStone · age_up imperial |
| 29:45 | Seppo · wall_segment Stone Wall x10 |
| 30:07 | Seppo · wall_segment Stone Wall x8 |
| 30:13 | Seppo · wall_segment Stone Wall x8 |
| 30:16 | 999zwj · wall_segment Stone Wall x19 |
| 30:22 | 999zwj · wall_segment Stone Wall x9 |
| 30:25 | 999zwj · wall_segment Stone Wall x8 |
| 30:28 | 999zwj · wall_segment Stone Wall x8 |
| 30:54 | Seppo · wall_segment Stone Wall x8 |
| 31:00 | cCc_BADDAL ~ 1071.571 · tribute_sent a jugador 1 |
| 31:00 | cCc_BADDAL ~ 1071.571 · tribute_sent a jugador 3 |
| 31:00 | cCc_BADDAL ~ 1071.571 · tribute_sent a jugador 4 |
| 31:00 | cCc_BADDAL ~ 1071.571 · tribute_sent a jugador 5 |
| 31:00 | cCc_BADDAL ~ 1071.571 · tribute_sent a jugador 6 |
| 31:00 | cCc_BADDAL ~ 1071.571 · tribute_sent a jugador 7 |
| 31:00 | cCc_BADDAL ~ 1071.571 · tribute_sent a jugador 8 |
| 31:15 | Seppo · first_building Castle |
| 31:28 | HuntTreesMineDocksBendStone · wall_segment Stone Wall x8 |
| 31:40 | cCc_BADDAL ~ 1071.571 · age_up imperial |
| 31:53 | Seppo · wall_segment Stone Wall x10 |
| 31:54 | 999zwj · wall_segment Stone Wall x20 |
| 32:29 | HuntTreesMineDocksBendStone · first_building Barracks |
| 32:56 | Seppo · wall_segment Stone Wall x8 |
| 33:17 | · first_market_buy 100 stone |
| 34:10 | Seppo · wall_segment Stone Wall x14 |
| 34:15 | HuntTreesMineDocksBendStone · wall_segment Stone Wall x10 |
| 34:19 | 999zwj · wall_segment Stone Wall x11 |
| 34:50 | HuntTreesMineDocksBendStone · wall_segment Stone Wall x13 |
| 34:51 | Seppo · wall_segment Stone Wall x11 |
| 35:08 | Seppo · age_up imperial |
| 35:28 | cCc_BADDAL ~ 1071.571 · first_building Barracks |
| 35:37 | cCc_BADDAL ~ 1071.571 · first_building Castle |
| 35:40 | HuntTreesMineDocksBendStone · wall_segment Stone Wall x8 |
| 35:43 | Seppo · first_building Barracks |
| 35:43 | cCc_BADDAL ~ 1071.571 · first_building Siege Workshop |
| 35:57 | 999zwj · wall_segment Stone Wall x13 |
| 35:57 | HuntTreesMineDocksBendStone · wall_segment Stone Wall x26 |
| 36:09 | HuntTreesMineDocksBendStone · wall_segment Stone Wall x7 |
| 36:11 | HuntTreesMineDocksBendStone · wall_segment Stone Wall x10 |
| 36:17 | 999zwj · wall_segment Stone Wall x21 |
| 36:21 | Seppo · wall_segment Stone Wall x15 |
| 36:52 | 999zwj · first_building Barracks |
| 37:03 | HuntTreesMineDocksBendStone · wall_segment Stone Wall x10 |
| 37:36 | cCc_BADDAL ~ 1071.571 · tribute_sent a jugador 1 |
| 37:36 | cCc_BADDAL ~ 1071.571 · tribute_sent a jugador 3 |
| 37:36 | cCc_BADDAL ~ 1071.571 · tribute_sent a jugador 4 |
| 37:36 | cCc_BADDAL ~ 1071.571 · tribute_sent a jugador 5 |
| 37:36 | cCc_BADDAL ~ 1071.571 · tribute_sent a jugador 6 |
| 37:36 | cCc_BADDAL ~ 1071.571 · tribute_sent a jugador 7 |
| 37:36 | cCc_BADDAL ~ 1071.571 · tribute_sent a jugador 8 |
| 37:46 | cCc_BADDAL ~ 1071.571 · first_building Archery Range |
| 38:22 | HuntTreesMineDocksBendStone · wall_segment Stone Wall x23 |
| 38:28 | HuntTreesMineDocksBendStone · first_building Castle |
| 38:36 | Seppo · first_building Stable |
| 38:37 | 999zwj · wall_segment Stone Wall x15 |
| 38:55 | 999zwj · first_building Stable |
| 40:15 | HuntTreesMineDocksBendStone · wall_segment Stone Wall x10 |
| 41:01 | 999zwj · first_building Castle |
| 41:17 | HuntTreesMineDocksBendStone · tribute_sent a jugador 1 |
| 41:17 | HuntTreesMineDocksBendStone · tribute_sent a jugador 2 |
| 41:17 | HuntTreesMineDocksBendStone · tribute_sent a jugador 4 |
| 41:17 | HuntTreesMineDocksBendStone · tribute_sent a jugador 5 |
| 41:17 | HuntTreesMineDocksBendStone · tribute_sent a jugador 6 |
| 41:17 | HuntTreesMineDocksBendStone · tribute_sent a jugador 7 |
| 41:17 | HuntTreesMineDocksBendStone · tribute_sent a jugador 8 |
| 41:48 | 999zwj · first_building Archery Range |
| 41:53 | 999zwj · wall_segment Stone Wall x10 |
| 41:55 | 999zwj · wall_segment Stone Wall x10 |
| 41:57 | 999zwj · wall_segment Stone Wall x10 |
| 42:00 | 999zwj · wall_segment Stone Wall x10 |
| 43:19 | HuntTreesMineDocksBendStone · tribute_sent a jugador 1 |
| 43:19 | HuntTreesMineDocksBendStone · tribute_sent a jugador 2 |
| 43:19 | HuntTreesMineDocksBendStone · tribute_sent a jugador 4 |
| 43:19 | HuntTreesMineDocksBendStone · tribute_sent a jugador 5 |
| 43:19 | HuntTreesMineDocksBendStone · tribute_sent a jugador 6 |
| 43:19 | HuntTreesMineDocksBendStone · tribute_sent a jugador 7 |
| 43:19 | HuntTreesMineDocksBendStone · tribute_sent a jugador 8 |
| 43:33 | HuntTreesMineDocksBendStone · wall_segment Stone Wall x9 |
| 44:37 | cCc_BADDAL ~ 1071.571 · tribute_sent a jugador 1 |
| 44:37 | cCc_BADDAL ~ 1071.571 · tribute_sent a jugador 3 |
| 44:37 | cCc_BADDAL ~ 1071.571 · tribute_sent a jugador 4 |
| 44:37 | cCc_BADDAL ~ 1071.571 · tribute_sent a jugador 5 |
| 44:37 | cCc_BADDAL ~ 1071.571 · tribute_sent a jugador 6 |
| 44:37 | cCc_BADDAL ~ 1071.571 · tribute_sent a jugador 7 |
| 44:37 | cCc_BADDAL ~ 1071.571 · tribute_sent a jugador 8 |
| 45:23 | HuntTreesMineDocksBendStone · tribute_sent a jugador 1 |
| 45:23 | HuntTreesMineDocksBendStone · tribute_sent a jugador 2 |
| 45:23 | HuntTreesMineDocksBendStone · tribute_sent a jugador 4 |
| 45:23 | HuntTreesMineDocksBendStone · tribute_sent a jugador 5 |
| 45:23 | HuntTreesMineDocksBendStone · tribute_sent a jugador 6 |
| 45:23 | HuntTreesMineDocksBendStone · tribute_sent a jugador 7 |
| 45:23 | HuntTreesMineDocksBendStone · tribute_sent a jugador 8 |
| 46:04 | HuntTreesMineDocksBendStone · tribute_sent a jugador 1 |
| 46:04 | HuntTreesMineDocksBendStone · tribute_sent a jugador 2 |
| 46:04 | HuntTreesMineDocksBendStone · tribute_sent a jugador 4 |
| 46:04 | HuntTreesMineDocksBendStone · tribute_sent a jugador 5 |
| 46:04 | HuntTreesMineDocksBendStone · tribute_sent a jugador 6 |
| 46:04 | HuntTreesMineDocksBendStone · tribute_sent a jugador 7 |
| 46:04 | HuntTreesMineDocksBendStone · tribute_sent a jugador 8 |
| 48:12 | HuntTreesMineDocksBendStone · tribute_sent a jugador 1 |
| 48:12 | HuntTreesMineDocksBendStone · tribute_sent a jugador 2 |
| 48:12 | HuntTreesMineDocksBendStone · tribute_sent a jugador 4 |
| 48:12 | HuntTreesMineDocksBendStone · tribute_sent a jugador 5 |
| 48:12 | HuntTreesMineDocksBendStone · tribute_sent a jugador 6 |
| 48:12 | HuntTreesMineDocksBendStone · tribute_sent a jugador 7 |
| 48:12 | HuntTreesMineDocksBendStone · tribute_sent a jugador 8 |
| 48:52 | 999zwj · age_up imperial |
| 49:21 | cCc_BADDAL ~ 1071.571 · tribute_sent a jugador 1 |
| 49:21 | cCc_BADDAL ~ 1071.571 · tribute_sent a jugador 3 |
| 49:21 | cCc_BADDAL ~ 1071.571 · tribute_sent a jugador 4 |
| 49:21 | cCc_BADDAL ~ 1071.571 · tribute_sent a jugador 5 |
| 49:21 | cCc_BADDAL ~ 1071.571 · tribute_sent a jugador 6 |
| 49:21 | cCc_BADDAL ~ 1071.571 · tribute_sent a jugador 7 |
| 49:21 | cCc_BADDAL ~ 1071.571 · tribute_sent a jugador 8 |
| 51:19 | cCc_BADDAL ~ 1071.571 · tribute_sent a jugador 1 |
| 51:19 | cCc_BADDAL ~ 1071.571 · tribute_sent a jugador 3 |
| 51:19 | cCc_BADDAL ~ 1071.571 · tribute_sent a jugador 4 |
| 51:19 | cCc_BADDAL ~ 1071.571 · tribute_sent a jugador 5 |
| 51:19 | cCc_BADDAL ~ 1071.571 · tribute_sent a jugador 6 |
| 51:19 | cCc_BADDAL ~ 1071.571 · tribute_sent a jugador 7 |
| 51:19 | cCc_BADDAL ~ 1071.571 · tribute_sent a jugador 8 |
| 52:25 | cCc_BADDAL ~ 1071.571 · tribute_sent a jugador 1 |
| 52:25 | cCc_BADDAL ~ 1071.571 · tribute_sent a jugador 3 |
| 52:25 | cCc_BADDAL ~ 1071.571 · tribute_sent a jugador 4 |
| 52:25 | cCc_BADDAL ~ 1071.571 · tribute_sent a jugador 5 |
| 52:25 | cCc_BADDAL ~ 1071.571 · tribute_sent a jugador 6 |
| 52:25 | cCc_BADDAL ~ 1071.571 · tribute_sent a jugador 7 |
| 52:25 | cCc_BADDAL ~ 1071.571 · tribute_sent a jugador 8 |
| 52:46 | cCc_BADDAL ~ 1071.571 · first_building Stable |
| 58:06 | Seppo · tribute_sent a jugador 2 |
| 58:06 | Seppo · tribute_sent a jugador 3 |
| 58:06 | Seppo · tribute_sent a jugador 4 |
| 58:06 | Seppo · tribute_sent a jugador 5 |
| 58:06 | Seppo · tribute_sent a jugador 6 |
| 58:06 | Seppo · tribute_sent a jugador 7 |
| 58:06 | Seppo · tribute_sent a jugador 8 |
| 58:32 | HuntTreesMineDocksBendStone · wall_segment Stone Wall x6 |
| 59:21 | cCc_BADDAL ~ 1071.571 · tribute_sent a jugador 1 |
| 59:21 | cCc_BADDAL ~ 1071.571 · tribute_sent a jugador 3 |
| 59:21 | cCc_BADDAL ~ 1071.571 · tribute_sent a jugador 4 |
| 59:21 | cCc_BADDAL ~ 1071.571 · tribute_sent a jugador 5 |
| 59:21 | cCc_BADDAL ~ 1071.571 · tribute_sent a jugador 6 |
| 59:21 | cCc_BADDAL ~ 1071.571 · tribute_sent a jugador 7 |
| 59:21 | cCc_BADDAL ~ 1071.571 · tribute_sent a jugador 8 |
| 60:53 | Seppo · tribute_sent a jugador 2 |
| 60:53 | Seppo · tribute_sent a jugador 3 |
| 60:53 | Seppo · tribute_sent a jugador 4 |
| 60:53 | Seppo · tribute_sent a jugador 5 |
| 60:53 | Seppo · tribute_sent a jugador 6 |
| 60:53 | Seppo · tribute_sent a jugador 7 |
| 60:53 | Seppo · tribute_sent a jugador 8 |
| 60:58 | cCc_BADDAL ~ 1071.571 · tribute_sent a jugador 1 |
| 60:58 | cCc_BADDAL ~ 1071.571 · tribute_sent a jugador 3 |
| 60:58 | cCc_BADDAL ~ 1071.571 · tribute_sent a jugador 4 |
| 60:58 | cCc_BADDAL ~ 1071.571 · tribute_sent a jugador 5 |
| 60:58 | cCc_BADDAL ~ 1071.571 · tribute_sent a jugador 6 |
| 60:58 | cCc_BADDAL ~ 1071.571 · tribute_sent a jugador 7 |
| 60:58 | cCc_BADDAL ~ 1071.571 · tribute_sent a jugador 8 |
| 63:30 | cCc_BADDAL ~ 1071.571 · tribute_sent a jugador 1 |
| 63:30 | cCc_BADDAL ~ 1071.571 · tribute_sent a jugador 3 |
| 63:30 | cCc_BADDAL ~ 1071.571 · tribute_sent a jugador 4 |
| 63:30 | cCc_BADDAL ~ 1071.571 · tribute_sent a jugador 5 |
| 63:30 | cCc_BADDAL ~ 1071.571 · tribute_sent a jugador 6 |
| 63:30 | cCc_BADDAL ~ 1071.571 · tribute_sent a jugador 7 |
| 63:30 | cCc_BADDAL ~ 1071.571 · tribute_sent a jugador 8 |
| 67:04 | · resign |
[ AI ANALYSIS · 1 CREDIT ]
What really happened in this match?
Wolo.gg analyzes every decision: build order, eco, micro, common mistakes by bracket. Personalized analysis on WhatsApp or Discord in 30 seconds.
Civ guide
Mongols
Perfil
Jugador #352706